Map: Selva profunda EE

Players

tomhobbes - Winner!

  • Race: Protoss Protoss
  • Spawn Location: 7:00

GrumpyPants - Winner!

  • Race: Protoss Protoss
  • League: Gold
  • Spawn Location: 7:00

Jarodeous - Winner!

  • Race: Terran Terran
  • Spawn Location: 7:00

MrFercho

  • Race: Zerg Zerg
  • League: Gold
  • Spawn Location: 3:00

tigro

  • Race: Terran Terran
  • League: Bronze
  • Spawn Location: 1:00

TATORREA

  • Race: Protoss Protoss
  • League: Gold
  • Spawn Location: 1:00

VOD

Have the link to the VOD?

Description

Time

  • Played on: Aug. 7, 2020, 8:34 p.m.
  • Length: 16:59
Show
View Real Time Build Order
Export as new Build Order

tomhobbes Protoss - Winner!

Build Orders:  

Get SALT Encoding   

  12  0:02  Probe  
  13  0:14  Pylon  
  13  0:32  Probe  
  14  0:42  Gateway  
  14  0:44  Assimilator, Probe  
  15  0:56  Probe  
  16  1:08  Probe  
  17  1:14  Pylon  
  17  1:20  Probe  
  18  1:32  Probe  
  18  1:34  Cybernetics Core  
  19  1:43  Assimilator  
  19  1:45  Probe  
  19  1:57  Probe  
  20  2:07  Warp Gate (Chrono Boost)  
  20  2:09  Probe  
  21  2:18  Gateway  
  21  2:21  Probe  
  22  2:24  Gateway  
  22  2:33  Probe  
  23  2:46  Probe  
  23  2:48  Robotics Facility  
  23  2:50  Forge  
  24  2:58  Probe  
  25  3:06  Stalker  
  25  3:07  Stalker  
  29  3:14  Pylon  
  29  3:21  Protoss Ground Weapons Level 1 (Chrono Boost)  
  29  3:24  Pylon  
  29  3:36  Observer  
  30  3:57  Immortal  
  35  4:17  Probe, Nexus  
  35  4:20  Pylon  
  35  4:22  Stalker  
  37  4:35  Photon Cannon  
  37  4:44  Probe (Chrono Boost)  
  38  4:52  Stalker  
  40  4:56  Probe (Chrono Boost)  
  41  5:01  Probe (Chrono Boost)  
  42  5:11  Immortal, Probe  
  47  5:22  Protoss Ground Armor Level 1 (Chrono Boost)  
  47  5:23  Probe  
  48  5:38  Twilight Council  
  48  5:42  Pylon  
  48  5:47  Probe x2  
  50  5:54  Assimilator  
  50  5:59  Probe (Chrono Boost)  
  50  6:00  Probe (Chrono Boost)  
  52  6:08  Assimilator  
  52  6:09  Probe (Chrono Boost)  
  52  6:10  Probe (Chrono Boost)  
  54  6:14  Probe x2 (Chrono Boost)  
  56  6:25  Probe x2  
  58  6:36  Robotics Bay  
  58  6:43  Charge  
  58  6:55  Immortal  
  58  6:57  Stalker  
  64  7:07  Gateway, Probe x2  
  66  7:14  Gateway  
  66  7:16  Gateway  
  66  7:19  Photon Cannon, Probe x2  
  67  7:30  Protoss Ground Weapons Level 2 (Chrono Boost)  
  67  7:31  Probe x2  
  67  7:34  Extended Thermal Lance  
  69  7:37  Robotics Facility  
  69  7:38  Robotics Facility  
  69  7:41  Colossus  
  69  7:42  Pylon  
  75  7:44  Pylon  
  75  8:22  Stalker, Pylon  
  75  8:23  Stalker  
  75  8:25  Stalker, Pylon, Zealot  
  83  8:31  Nexus  
  83  8:34  Photon Cannon  
  83  8:38  Probe  
  83  8:39  Probe  
  83  8:40  Pylon  
  85  8:46  Assimilator  
  85  8:50  Probe  
  85  8:51  Probe  
  85  8:54  Blink (Chrono Boost)  
  87  9:01  Immortal (Chrono Boost)  
  91  9:03  Probe x2  
  91  9:06  Immortal (Chrono Boost)  
  97  9:14  Assimilator  
  97  9:15  Probe  
  98  9:24  Colossus (Chrono Boost)  
  104  9:43  Colossus (Chrono Boost)  
  104  9:52  Colossus (Chrono Boost)  
  116  9:57  Protoss Ground Weapons Level 3 (Chrono Boost)  
  116  10:02  Zealot x3  
  116  10:03  Zealot  
  124  10:07  Zealot x2  
  124  10:13  Pylon  
  128  10:21  Immortal  
  132  10:34  Pylon  
  132  10:35  Pylon  
  132  10:38  Pylon x2  
  118  11:04  Zealot  
  118  11:05  Zealot x4  
  118  11:06  Zealot  
  118  11:08  Colossus x3  
  132  11:29  Pylon  
  82  11:52  Stalker x4  
  82  11:53  Stalker x2  
  94  12:02  Pylon, Observer (Chrono Boost)  
  94  12:03  Observer x2 (Chrono Boost)  
  97  12:16  Colossus (Chrono Boost)  
  97  12:22  Zealot x4  
  111  12:23  Zealot x2  
  115  12:34  Colossus x2 (Chrono Boost)  
  127  12:49  Zealot x3  
  127  12:50  Zealot x3  
  139  12:53  Protoss Ground Armor Level 2 (Chrono Boost)  
  139  13:03  Gateway  
  139  13:04  Gateway  
  139  13:11  Immortal (Chrono Boost)  
  143  13:25  Immortal x2 (Chrono Boost)  
  151  13:31  Pylon  
  149  13:34  Pylon  
  149  13:35  Gateway, Pylon  
  149  13:37  Stalker x2  
  149  13:38  Stalker x2  
  149  13:39  Zealot  
  149  13:40  Zealot  
  161  13:43  Immortal  
  134  14:26  Observer x3  
  134  14:27  Stalker  
  134  14:29  Stalker x3  
  134  14:30  Stalker x3  
  129  14:45  Pylon  
  129  14:57  Observer  
  129  14:58  Observer x2  
  132  15:02  Zealot x3  
  132  15:03  Zealot x2  
  132  15:04  Zealot  
  132  15:05  Zealot x2  
  148  15:19  Observer x2  
  122  15:30  Stalker x3  
  122  15:31  Stalker x3  
  122  15:32  Stalker  
  136  15:45  Zealot  
  136  15:46  Zealot  
  140  16:02  Stalker x3  
  140  16:03  Stalker x2  
  140  16:04  Zealot x2  
  154  16:15  Pylon  
  147  16:46  Zealot  
  147  16:47  Zealot x5  
  150  16:48  Zealot x2  
  150  16:49  Zealot  
Show
View Real Time Build Order
Export as new Build Order

GrumpyPants Protoss - Winner!

Build Orders:  

Get SALT Encoding   

  12  0:00  Probe  
  13  0:13  Probe  
  14  0:30  Probe  
  15  0:35  Pylon  
  15  0:53  Probe  
  15  0:54  Gateway  
  16  1:01  Assimilator  
  16  1:06  Probe  
  17  1:18  Gateway, Probe  
  18  1:30  Probe  
  19  1:33  Pylon  
  19  1:42  Probe  
  19  1:44  Cybernetics Core  
  20  1:54  Probe  
  20  1:56  Gateway  
  21  2:05  Assimilator  
  21  2:10  Zealot  
  23  2:23  Nexus  
  23  2:36  Probe  
  24  2:46  Sentry, Pylon  
  24  2:47  Stalker  
  28  2:52  Warp Gate  
  28  3:00  Probe  
  29  3:06  Stalker  
  31  3:16  Probe  
  31  3:19  Stalker  
  34  3:27  Stalker  
  36  3:28  Probe  
  38  3:41  Probe (Chrono Boost)  
  38  3:47  Probe (Chrono Boost)  
  39  3:48  Twilight Council  
  39  3:53  Probe (Chrono Boost)  
  41  3:57  Probe (Chrono Boost)  
  41  3:59  Probe (Chrono Boost)  
  41  4:01  Sentry  
  41  4:02  Probe (Chrono Boost)  
  44  4:07  Probe (Chrono Boost)  
  46  4:14  Probe (Chrono Boost)  
  48  4:19  Probe (Chrono Boost)  
  48  4:22  Assimilator  
  48  4:23  Probe (Chrono Boost)  
  49  4:25  Probe (Chrono Boost)  
  49  4:29  Probe (Chrono Boost)  
  49  4:30  Blink  
  51  4:33  Probe (Chrono Boost)  
  52  4:41  Assimilator  
  52  4:44  Probe (Chrono Boost)  
  52  4:45  Probe (Chrono Boost)  
  54  4:49  Pylon  
  54  4:51  Pylon  
  54  4:57  Forge  
  54  5:04  Pylon  
  55  5:07  Probe x2  
  56  5:16  Pylon  
  56  5:19  Stalker x3, Probe x2  
  64  5:32  Photon Cannon  
  64  5:37  Photon Cannon  
  64  5:41  Photon Cannon  
  64  5:45  Protoss Ground Weapons Level 1 (Chrono Boost)  
  64  5:52  Stargate  
  64  5:56  Pylon  
  64  6:16  Nexus  
  64  6:20  Twilight Council  
  64  6:21  Charge  
  64  6:23  Forge  
  64  6:28  Pylon  
  64  6:34  Stalker x3  
  64  6:36  Pylon  
  70  6:54  Templar Archives  
  70  7:04  Pylon  
  70  7:05  Pylon  
  70  7:08  Protoss Ground Armor Level 1 (Chrono Boost)  
  70  7:10  Gateway  
  70  7:11  Gateway  
  70  7:12  Gateway x2  
  70  7:28  Fleet Beacon  
  70  7:31  Zealot  
  70  7:32  Zealot  
  70  7:34  Zealot  
  70  7:37  Probe x2  
  78  7:46  Gateway  
  78  7:51  Shield Battery  
  78  7:54  Gateway  
  78  7:59  Photon Cannon  
  78  8:03  Probe (Chrono Boost)  
  78  8:04  Probe (Chrono Boost)  
  78  8:05  Probe (Chrono Boost)  
  82  8:14  Psionic Storm  
  82  8:15  Probe x2 (Chrono Boost)  
  82  8:18  Probe (Chrono Boost)  
  84  8:21  Probe (Chrono Boost)  
  84  8:22  Probe (Chrono Boost)  
  87  8:27  Probe (Chrono Boost)  
  87  8:28  Protoss Ground Weapons Level 2 (Chrono Boost)  
  87  8:30  Probe (Chrono Boost)  
  87  8:34  Probe (Chrono Boost)  
  89  8:35  Assimilator  
  89  8:37  Assimilator  
  89  8:41  Photon Cannon, Probe (Chrono Boost)  
  90  8:46  High Templar x3  
  90  8:47  High Templar  
  98  8:50  Archon  
  98  8:51  Archon  
  98  8:53  High Templar x2  
  98  8:54  High Templar  
  104  9:08  Tempest  
  109  9:26  Zealot x4  
  109  9:27  Zealot x2  
  109  9:29  High Templar  
  123  9:32  Nexus  
  123  9:35  Zealot x2  
  127  9:42  Dark Shrine  
  127  9:44  Protoss Ground Armor Level 2  
  127  9:48  Tempest (Chrono Boost)  
  127  9:50  Stargate  
  132  10:01  Pylon  
  132  10:05  Pylon  
  132  10:08  Pylon  
  132  10:11  Pylon  
  132  10:15  Assimilator  
  132  10:19  Assimilator  
  132  10:23  Tempest  
  132  10:24  Zealot x5  
  133  10:42  Zealot x4  
  133  10:59  Tempest  
  138  11:06  Tempest  
  138  11:07  Zealot x5  
  117  11:29  Stargate  
  111  11:33  Pylon  
  111  11:34  Pylon  
  89  12:00  Tempest  
  89  12:01  Tempest  
  93  12:18  Protoss Ground Weapons Level 3 (Chrono Boost)  
  93  12:20  Protoss Ground Armor Level 3 (Chrono Boost)  
  93  12:22  Pylon  
  93  12:25  Robotics Facility  
  93  12:37  Protoss Air Weapons Level 1 (Chrono Boost)  
  93  12:40  Pylon, Probe  
  93  12:41  Probe x3  
  97  12:48  Stargate  
  97  12:49  Tempest x2  
  97  12:50  Stargate  
  107  12:52  Probe  
  107  12:53  Probe x3  
  111  13:02  High Templar  
  111  13:03  High Templar  
  111  13:05  Zealot x5  
  121  13:06  Zealot x2  
  121  13:12  Tempest  
  134  13:15  Archon  
  134  13:32  Tempest x2  
  134  13:33  Tempest x2  
  152  13:55  Tempest  
  152  14:04  Zealot x3  
  152  14:05  Zealot x4  
  166  14:14  Tempest  
  166  14:19  Observer  
  159  14:26  Tempest  
  159  14:27  Tempest  
  161  14:39  Tempest x2  
  161  14:40  Warp Prism  
  161  14:57  Tempest  
  162  15:09  Tempest  
  167  15:28  Tempest x2  
  165  15:29  Tempest  
  170  15:57  Stalker x4  
  170  15:58  Stalker x3  
  184  16:10  Zealot x2  
  190  16:30  Observer  
Show
View Real Time Build Order
Export as new Build Order

Jarodeous Terran - Winner!

Build Orders:  

Get SALT Encoding   

  12  0:26  SCV  
  12  0:27  Supply Depot  
  13  0:40  Supply Depot, SCV  
  14  0:50  Barracks  
  14  0:58  SCV  
  15  1:04  Supply Depot  
  15  1:19  SCV  
  16  1:28  Supply Depot  
  16  1:34  SCV  
  16  1:37  Marine  
  16  1:38  Supply Depot  
  18  1:43  Refinery  
  18  1:46  Refinery, SCV  
  19  2:00  SCV  
  20  2:09  Marine  
  20  2:10  Barracks  
  21  2:35  Orbital Command  
  21  2:49  Marine  
  22  2:56  Factory  
  22  3:03  SCV  
  23  3:27  Command Center  
  23  3:32  Marine x2  
  25  3:41  Factory Tech Lab  
  25  3:47  Factory  
  25  3:54  SCV  
  26  4:01  Siege Tank  
  29  4:06  SCV  
  30  4:10  Armory  
  30  4:17  Armory  
  30  4:33  Factory Tech Lab  
  30  4:38  SCV  
  31  4:47  Siege Tank  
  31  4:49  SCV  
  31  4:50  SCV  
  36  5:00  Terran Vehicle Weapons Level 1  
  36  5:01  SCV  
  36  5:02  SCV  
  38  5:09  Terran Vehicle And Ship Armor Level 1  
  38  5:13  SCV  
  39  5:22  Refinery  
  39  5:24  Refinery  
  39  5:25  SCV  
  40  5:53  SCV  
  41  6:00  Engineering Bay  
  41  6:03  Siege Tank  
  44  6:04  Siege Tank  
  44  6:05  SCV  
  48  6:17  SCV  
  49  6:29  SCV  
  50  6:33  Missile Turret x2  
  50  6:35  Siege Tank  
  50  6:36  Missile Turret, Siege Tank  
  50  6:39  SCV  
  57  6:41  SCV  
  57  6:44  Missile Turret  
  57  6:46  Missile Turret  
  58  6:48  Missile Turret  
  58  6:51  SCV  
  58  6:53  SCV  
  58  6:54  Terran Vehicle Weapons Level 2  
  60  6:58  Missile Turret  
  60  7:03  Terran Vehicle And Ship Armor Level 2  
  60  7:07  Orbital Command  
  60  7:08  SCV  
  61  7:20  SCV  
  61  7:22  Barracks Tech Lab  
  62  7:23  Marine  
  63  7:32  SCV  
  64  7:39  Supply Depot  
  64  7:40  Supply Depot x2  
  64  7:41  Supply Depot, Marine  
  64  7:42  Supply Depot x2  
  66  7:51  SCV  
  66  8:03  Supply Depot  
  66  8:04  Combat Shield, SCV  
  67  8:15  Marine x2  
  71  8:27  Widow Mine x2  
  71  8:33  Marine x2  
  75  8:40  Supply Depot x2  
  75  8:41  Supply Depot  
  77  8:48  Widow Mine x2  
  77  8:51  Marine x2  
  81  9:05  Supply Depot  
  81  9:06  Supply Depot x2  
  81  9:08  Marine  
  81  9:09  Marine  
  81  9:26  Marine  
  81  9:27  Marine  
  81  9:28  Supply Depot  
  81  9:29  Supply Depot  
  81  9:30  Supply Depot  
  81  9:48  Terran Vehicle Weapons Level 3  
  81  9:49  Terran Vehicle And Ship Armor Level 3  
  81  10:03  Thor x2  
  91  10:39  Marine x2  
  96  10:57  Marine x2  
  93  11:02  Siege Tank x2  
  89  11:14  Marine  
  89  11:15  Marine  
  91  11:32  Marine  
  92  11:33  Marine  
  92  11:34  Siege Tank x2  
  83  11:50  Marine x2  
  84  12:06  Siege Tank x2  
  90  12:38  Siege Tank  
  90  12:39  Siege Tank  
  96  12:58  Terran Infantry Weapons Level 1  
  96  13:10  Siege Tank  
  96  13:11  Siege Tank  
  102  13:20  Factory x2  
  102  13:21  Marine x2  
  104  13:38  Marine  
  104  13:39  Marine  
  106  13:43  Siege Tank x2  
  109  13:56  Marine  
  109  13:57  Marine  
  108  14:14  Marine  
  108  14:15  Marine  
  110  14:32  Marine x2  
  112  14:52  Terran Infantry Armor Level 1  
  103  15:56  Marine x2  
  105  16:14  Marine x2  
  107  16:31  Marine  
  107  16:32  Marine  
Show
View Real Time Build Order
Export as new Build Order

MrFercho Zerg 

Build Orders: Pool First, Lurkers 

Get SALT Encoding   

  12  0:19  Spawning Pool  
  11  0:26  Overlord  
  11  0:31  Drone  
  12  0:35  Drone  
  13  0:44  Drone  
  14  0:55  Drone  
  15  1:06  Zergling x2  
  15  1:09  Queen  
  15  1:10  Drone  
  19  1:29  Drone  
  20  1:39  Overlord  
  20  1:50  Hatchery  
  19  1:57  Drone x2  
  21  2:05  Drone  
  22  2:12  Extractor  
  22  2:14  Drone  
  22  2:30  Zergling x2  
  23  2:42  Zergling x6  
  26  2:51  Overlord  
  26  3:00  Drone  
  27  3:13  Zergling x2  
  27  3:14  Drone  
  27  3:17  Drone  
  30  3:22  Drone  
  30  3:23  Drone x2  
  33  3:29  Drone  
  34  3:36  Drone x2  
  36  3:46  Drone x2  
  37  4:10  Drone x4  
  37  4:11  Drone  
  42  4:24  Drone  
  42  4:27  Extractor  
  42  4:29  Extractor, Overlord, Drone  
  42  4:30  Overlord  
  42  4:31  Overlord  
  42  4:57  Drone x3  
  42  4:59  Drone x2  
  47  5:01  Queen  
  49  5:11  Lair  
  49  5:16  Hatchery  
  49  5:18  Evolution Chamber  
  47  5:23  Evolution Chamber  
  46  5:31  Extractor, Drone  
  46  5:32  Drone x3  
  49  5:38  Hatchery  
  48  5:45  Zerg Missile Weapons Level 1  
  48  5:49  Zerg Ground Armor Level 1  
  48  5:51  Overlord  
  48  5:53  Overlord  
  48  5:56  Drone x4  
  52  6:05  Spore Crawler  
  51  6:13  Drone  
  51  6:14  Drone  
  53  6:21  Metabolic Boost  
  53  6:24  Drone x2  
  55  6:48  Overseer  
  55  6:53  Drone x4  
  59  7:07  Hydralisk Den  
  58  7:10  Drone  
  58  7:12  Drone x7  
  58  7:13  Queen, Drone x11  
  79  7:16  Queen  
  81  7:30  Spore Crawler  
  81  7:33  Spore Crawler  
  81  7:35  Extractor  
  78  7:37  Extractor  
  78  7:41  Grooved Spines  
  77  7:45  Infestation Pit  
  77  7:47  Lurker Den  
  77  7:48  Drone x2  
  77  7:54  Drone x3  
  77  7:56  Drone x3  
  83  8:01  Overlord  
  83  8:02  Overlord x4  
  83  8:03  Overlord x2  
  83  8:11  Hatchery  
  82  8:29  Hydralisk x6  
  82  8:30  Hydralisk x7  
  108  8:35  Zerg Missile Weapons Level 2, Zerg Ground Armor Level 2  
  108  8:38  Drone  
  109  8:43  Extractor  
  109  8:45  Extractor  
  107  8:52  Hatchery, Muscular Augments  
  106  9:03  Hydralisk x2  
  106  9:04  Hydralisk x10  
  130  9:39  Hive  
  130  9:43  Hydralisk x11  
  125  10:39  Hydralisk x2  
  125  10:40  Hydralisk x13  
  127  10:46  Lurker  
  127  10:47  Lurker x2  
  130  10:55  Lurker  
  130  10:56  Lurker  
  91  11:30  Zerg Missile Weapons Level 3, Zerg Ground Armor Level 3  
  91  11:32  Hydralisk  
  87  11:33  Hydralisk x3  
  87  11:38  Zergling x20  
  87  11:39  Zergling x2  
  106  12:05  Seismic Spines  
  106  12:17  Hydralisk x6  
  106  12:18  Hydralisk x5  
  117  13:02  Adaptive Talons  
  117  13:19  Hydralisk x5  
  117  13:20  Hydralisk x13  
  153  13:37  Lurker x3  
  153  13:41  Overlord x6  
  156  13:52  Spire  
  155  14:06  Adrenal Glands  
  155  14:07  Zerg Melee Weapons Level 1  
  155  14:09  Zergling x14  
  165  14:10  Zergling x36  
  132  14:37  Zergling x32  
  132  14:38  Zergling x10  
  123  14:53  Zergling x2  
  123  14:54  Zergling x24  
  114  15:04  Greater Spire  
  114  15:07  Corruptor x13  
  108  15:26  Zergling x32  
  116  15:36  Corruptor x6  
  110  15:57  Corruptor x4  
  65  16:23  Corruptor x5  
  65  16:24  Corruptor x6  
Show
View Real Time Build Order
Export as new Build Order

tigro Terran 

Build Orders:  

Get SALT Encoding   

  12  0:13  Supply Depot  
  12  0:23  SCV  
  14  0:35  SCV  
  14  0:40  Barracks  
  14  0:47  SCV  
  15  0:50  Refinery  
  15  0:59  SCV  
  16  1:12  SCV  
  17  1:24  SCV  
  18  1:28  Marine  
  19  1:36  SCV  
  19  1:38  Refinery  
  20  1:46  Supply Depot, Marine  
  21  1:48  SCV  
  22  2:03  Marine  
  22  2:08  SCV  
  24  2:20  SCV  
  24  2:21  Marine  
  26  2:25  Factory  
  26  2:32  SCV  
  27  2:39  Marine  
  28  2:58  Barracks Tech Lab  
  28  3:01  Orbital Command  
  28  3:10  Factory Tech Lab  
  28  3:16  Engineering Bay  
  28  3:19  Combat Shield  
  28  3:45  Siege Tank  
  31  4:17  Siege Tank  
  34  4:27  Terran Infantry Weapons Level 1  
  34  4:35  Command Center  
  34  4:38  Stimpack  
  34  4:43  Missile Turret  
  34  5:03  Marine  
  34  5:04  Missile Turret  
  35  5:15  Starport, Siege Tank  
  35  5:21  Marine  
  38  5:25  Missile Turret  
  39  5:39  Marine  
  40  5:49  Refinery  
  40  5:50  SCV  
  40  5:56  Marine  
  42  6:02  SCV, Missile Turret  
  43  6:05  Medivac  
  45  6:14  Marine, SCV  
  47  6:21  Barracks  
  47  6:22  Terran Infantry Armor Level 1  
  47  6:24  Missile Turret  
  47  6:26  SCV  
  47  6:32  Marine  
  49  6:38  SCV  
  50  6:42  Starport Tech Lab  
  50  6:50  Marine  
  50  6:51  SCV  
  52  7:03  SCV  
  52  7:06  Missile Turret  
  53  7:15  SCV  
  54  7:23  Refinery  
  54  7:27  SCV  
  54  7:29  Missile Turret  
  55  7:33  Barracks Reactor  
  55  7:39  SCV  
  56  7:44  Missile Turret  
  56  7:51  SCV  
  57  7:59  Missile Turret  
  57  8:04  Armory  
  57  8:13  Missile Turret  
  57  8:16  Neosteel Armor  
  57  8:29  Missile Turret  
  57  8:31  Fusion Core  
  57  8:34  Missile Turret  
  57  8:40  SCV  
  58  8:52  SCV  
  58  8:54  Supply Depot, Missile Turret  
  59  9:04  SCV  
  60  9:16  SCV  
  61  9:19  Supply Depot, Missile Turret x2  
  61  9:25  Battlecruiser  
  61  9:28  SCV  
  68  9:42  Missile Turret  
  68  9:43  Planetary Fortress  
  68  9:49  Terran Vehicle Weapons Level 1  
  68  9:55  Thor  
  68  9:56  Hi-Sec Auto Tracking  
  74  10:04  Missile Turret  
  74  10:25  Missile Turret  
  74  10:28  Marine x3  
  77  10:39  Command Center  
  77  10:46  Marine  
  77  10:48  Marine  
  78  10:50  Marine  
  78  10:52  Battlecruiser  
  72  11:04  Marine  
  72  11:06  Marine  
  72  11:08  Marine  
  63  11:19  Weapon Refit  
  63  11:21  Terran Infantry Weapons Level 2, Marine  
  63  11:23  Marine  
  65  11:26  Marine  
  66  11:39  Marine  
  67  11:41  Marine  
  67  11:43  Terran Vehicle And Ship Armor Level 1  
  67  11:44  Marine  
  63  11:56  Battlecruiser  
  63  11:57  Marine  
  63  11:59  Marine  
  70  12:02  Marine  
  71  12:15  Marine  
  70  12:20  Marine  
  54  12:35  Marine x2  
  55  12:37  Marine  
  55  12:38  Thor  
  62  12:46  SCV  
  63  12:53  Marine x2  
  63  12:55  Marine  
  63  12:58  SCV  
  67  12:59  Rapid Reignition System  
  67  13:00  Medivac  
  69  13:06  Refinery  
  69  13:10  Marine  
  69  13:11  Marine  
  71  13:12  Planetary Fortress  
  71  13:13  Marine  
  72  13:21  Thor  
  78  13:28  Marine  
  78  13:29  Marine  
  78  13:30  Medivac  
  78  13:31  Marine  
  83  13:37  Terran Ship Weapons Level 1, Terran Infantry Armor Level 2  
  80  14:00  Battlecruiser  
  64  14:04  Thor  
  64  14:22  Marine x3  
  55  14:40  Marine x3  
  47  14:57  Marine  
  47  14:58  Marine x2  
  50  15:04  Battlecruiser  
  41  15:15  Marine x3  
  36  15:33  Marine x3  
  36  15:51  Marine x3  
  39  16:09  Marine  
Show
View Real Time Build Order
Export as new Build Order

TATORREA Protoss 

Build Orders: Chargelot Immortal 

Get SALT Encoding   

  12  0:02  Probe  
  13  0:15  Probe  
  14  0:27  Probe  
  15  0:28  Pylon  
  15  0:46  Probe  
  16  0:55  Gateway  
  16  0:59  Probe  
  17  1:11  Probe (Chrono Boost)  
  18  1:12  Assimilator  
  18  1:14  Pylon  
  18  1:22  Probe (Chrono Boost)  
  19  1:26  Assimilator  
  19  1:27  Probe (Chrono Boost)  
  19  1:28  Pylon  
  20  1:38  Probe (Chrono Boost)  
  21  1:44  Probe (Chrono Boost)  
  22  1:50  Gateway, Cybernetics Core  
  22  1:59  Probe  
  22  2:06  Gateway  
  22  2:11  Probe  
  23  2:19  Pylon  
  23  2:23  Pylon  
  23  2:37  Gateway  
  23  2:39  Warp Gate  
  23  2:47  Stalker  
  25  2:52  Stalker  
  27  3:00  Stalker  
  29  3:17  Stalker  
  31  3:22  Stalker  
  31  3:25  Stalker  
  35  3:34  Stalker  
  37  3:43  Forge  
  37  3:49  Stalker  
  39  4:02  Stalker  
  41  4:07  Protoss Ground Weapons Level 1 (Chrono Boost)  
  41  4:09  Stalker  
  43  4:30  Probe (Chrono Boost)  
  44  4:41  Probe (Chrono Boost)  
  45  4:45  Probe (Chrono Boost)  
  46  4:55  Nexus  
  46  4:57  Probe  
  47  5:09  Probe  
  47  5:10  Twilight Council  
  48  5:21  Probe  
  49  5:30  Robotics Facility  
  49  5:33  Probe  
  50  5:45  Probe  
  50  5:47  Charge (Chrono Boost)  
  51  5:54  Zealot  
  51  5:56  Pylon  
  53  5:57  Probe  
  53  6:01  Pylon  
  54  6:08  Protoss Ground Weapons Level 2 (Chrono Boost)  
  54  6:09  Probe  
  55  6:16  Probe  
  56  6:20  Zealot  
  56  6:21  Probe  
  56  6:22  Zealot  
  61  6:27  Zealot  
  61  6:28  Probe  
  64  6:33  Probe  
  64  6:35  Zealot  
  67  6:40  Probe  
  67  6:42  Observer (Chrono Boost)  
  69  6:51  Probe  
  69  6:52  Probe  
  71  6:58  Immortal (Chrono Boost)  
  71  7:01  Assimilator  
  75  7:03  Assimilator, Probe, Zealot  
  75  7:04  Probe  
  75  7:05  Zealot  
  81  7:09  Zealot  
  81  7:12  Zealot  
  85  7:15  Probe  
  86  7:52  Pylon  
  86  7:57  Pylon  
  86  8:10  Immortal, Probe  
  86  8:12  Zealot  
  93  8:15  Zealot  
  93  8:16  Zealot  
  93  8:17  Pylon  
  93  8:18  Pylon  
  93  8:19  Zealot  
  99  8:20  Nexus  
  99  8:26  Probe x2  
  101  8:28  Protoss Ground Weapons Level 3 (Chrono Boost)  
  101  8:38  Probe  
  102  8:49  Immortal  
  102  8:51  Gateway  
  102  8:52  Zealot x2  
  102  8:54  Gateway  
  110  9:38  Assimilator  
  110  9:39  Assimilator  
  110  9:40  Zealot x3  
  110  9:41  Zealot  
  110  9:42  Pylon, Probe x3  
  121  9:46  Immortal (Chrono Boost)  
  125  9:54  Probe x3  
  128  10:18  Immortal, Zealot x2  
  128  10:19  Zealot  
  138  10:22  Pylon, Nexus  
  138  10:24  Pylon  
  136  10:32  Templar Archives  
  75  10:56  Zealot x3  
  75  10:57  Zealot x3  
  77  11:01  Immortal  
  77  11:02  Protoss Shields Level 1 (Chrono Boost)  
  77  11:16  Gateway  
  77  11:18  Gateway, High Templar  
  77  11:19  High Templar x3  
  77  11:20  High Templar x2  
  77  11:23  Archon x2  
  77  11:24  Archon  
  57  11:52  Zealot x3  
  57  11:53  Zealot x3  
  69  12:13  Probe x4  
  73  12:17  High Templar x5  
  73  12:18  High Templar x3  
  73  12:21  Archon x2  
  73  12:22  Archon  
  89  12:23  Immortal (Chrono Boost), Archon  
  89  12:25  Probe x4  
  97  12:41  Gateway  
  97  12:44  Gateway, Probe x2  
  97  12:46  Probe  
  100  12:51  Gateway, Psionic Storm  
  100  12:52  Protoss Shields Level 2 (Chrono Boost)  
  100  12:54  Probe  
  100  12:55  Immortal (Chrono Boost)  
  100  12:56  Probe x2  
  100  12:58  Probe  
  108  13:06  Gateway  
  108  13:08  Gateway  
  108  13:10  Gateway, Blink  
  108  13:13  Gateway, High Templar x4  
  108  13:14  High Templar x4  
  108  13:17  Archon x2  
  108  13:18  Archon x2  
  108  13:19  Gateway  
  124  13:22  Gateway  
  124  13:25  Gateway  
  124  13:28  Assimilator  
  124  13:31  Immortal (Chrono Boost)  
  124  13:32  Assimilator  
  76  13:51  Zealot  
  76  13:52  Zealot x3  
  76  13:54  Stalker x2  
  76  13:55  Stalker x4  
  94  13:56  Stalker  
  88  14:16  Stalker  
  88  14:17  Stalker x5  
  76  14:18  Stalker x4  
  76  14:19  Stalker x2  
  64  14:38  Stalker  
  64  14:39  Stalker x3  
  64  14:40  Stalker x3  
  78  14:52  Stalker  
  66  14:53  Zealot  
  66  14:54  Zealot x6  
  66  14:55  Zealot  
  66  14:57  Zealot  
  64  15:09  Zealot x4  
  64  15:10  Zealot x2  
  64  15:12  Zealot  
  78  15:20  Cybernetics Core  
  64  15:22  Zealot x2  
  64  15:23  Zealot  
  64  15:24  Zealot  
  68  15:34  Zealot  
  68  15:35  Zealot x3  
  68  15:36  Zealot  
  70  15:47  Zealot  
  70  15:48  Zealot x3  
  70  15:49  Zealot  
  74  15:53  Zealot  
  74  15:56  Zealot  
Tags
 
Add a new tag
Caveats
  • Supply blocks, unpowered buildings, or Contaminate may cause inaccurate times.
  • Supply counts are checked every 10 seconds.